 Dungeon Crawl Stone Soup version 0.18.1-48-g4cf74bf (webtiles) character file.

61 WarriorsX the Covered (level 4, -1/35 HPs)
             Began as a Human Fighter on Aug 4, 2016.
             Slain by a gnoll
             ... wielding a +0 spear
              (6 damage)
             ... on level 2 of the Dungeon.
             The game lasted 00:03:52 (1496 turns).

WarriorsX the Covered (Human Fighter)               Turns: 1496, Time: 00:03:52

Health: -1/35      AC: 12    Str: 17    XL:     4   Next: 27%
Magic:  4/4        EV:  4    Int:  8    God:
Gold:   50         SH:  9    Dex: 13    Spells: 0 memorised, 3 levels left

rFire  . . .     SeeInvis .     a - +0 long sword
rCold  . . .     Gourm    .     h - +0 plate armour (curse)
rNeg   . . .     Faith    .     c - +0 shield
rPois  .         Spirit   .     (no helmet)
rElec  .         Dismiss  .     (no cloak)
rCorr  .         Reflect  .     i - +0 pair of gloves
SustAt .         Harm     .     (no boots)
MR     .....                    (no amulet)
Stlth  ..........               (no ring)
                                n - +2 ring of evasion

@: not resistant to hostile enchantments, extremely unstealthy
A: no striking features
a: no special abilities


You were on level 2 of the Dungeon.
You were not hungry.

You visited 1 branch of the dungeon, and saw 2 of its levels.

You collected 50 gold pieces.

Inventory:

Hand Weapons
 a - a +0 long sword (weapon)
 e - a +1 short sword of draining
 g - a +0 vampiric spear
Armour
 c - a +0 shield (worn)
 h - a cursed +0 plate armour (worn)
 i - a +0 pair of gloves (worn)
Jewellery
 l - an uncursed amulet of faith
 n - a +2 ring of evasion (left hand)
Scrolls
 j - a scroll of identify {unknown}
 o - a scroll of amnesia {unknown}
Potions
 d - a potion of might
 k - 2 potions of cure mutation {unknown}
 p - a potion of haste {unknown}
Books
 q - a book of Death

   Spells                             Type                      Level
   a - Corpse Rot                     Necromancy                   2
   b - Sublimation of Blood           Necromancy                   2
   c - Agony                          Necromancy                   5
   d - Dispel Undead                  Necromancy                   5
   e - Excruciating Wounds            Charms/Necromancy            5
   f - Bolt of Draining               Conjuration/Necromancy       5
Comestibles
 b - a beef jerky
 f - 2 bread rations
 m - 2 meat rations


   Skills:
 + Level 3.4 Fighting
 + Level 2.2 Long Blades
 + Level 3.8 Armour
 + Level 3.6 Shields


You had 3 spell levels left.
You didn't know any spells.

Dungeon Overview and Level Annotations

Branches:
Dungeon (2/15)

Altars:


Message History

You block the hobgoblin's attack. The gnoll hits you.
* * * LOW HITPOINT WARNING * * *
You barely miss the hobgoblin. The gnoll hits you but does no damage.
The hobgoblin hits you but does no damage.
The gnoll hits you but does no damage.
The gnoll hits you from afar with a spear.
* * * LOW HITPOINT WARNING * * *
You closely miss the hobgoblin. You block the hobgoblin's attack.
The gnoll hits you but does no damage. x2
The hobgoblin hits you but does no damage.
You barely miss the hobgoblin. You block the gnoll's attack.
The gnoll hits you but does no damage.
The hobgoblin hits you but does no damage.
The gnoll hits you but does no damage. x2
You hit the hobgoblin.
The hobgoblin is severely wounded.
The hobgoblin hits you but does no damage.
The gnoll barely misses you.
The gnoll hits you from afar with a spear.
You die...

#.....###..#
#......hg)g.
......#....##
###.....#.## .....#.#.#
######.#.#.# ......#.#.#
########.........#
#######.g@ggg..........#
#....##.####g..........#
#####....##.#
#.#.........#
............#
#.##.#......#
#####[...####
#.##.#.######## ###....#
#...(#.# #..... #......#
########g# #.....
#.#....#
.........###.....
#.#....##
#.....?.%......g


You could see 4 gnolls and a hobgoblin.

Vanquished Creatures
  Ijyb (D:2)
  A worm (D:2)
  A dart slug (D:1)
  A giant gecko (D:2)
  5 bats
  2 giant cockroaches (D:1)
  3 goblins
  2 hobgoblins (D:2)
  A jackal (D:2)
  A quokka (D:2)
  A giant newt (D:1)
  7 kobolds (D:1)
  4 rats
30 creatures vanquished.

Notes
Turn   | Place    | Note
--------------------------------------------------------------
     0 | D:1      | WarriorsX the Human Fighter began the quest for the Orb.
     0 | D:1      | Reached XP level 1. HP: 18/18 MP: 1/1
   195 | D:1      | Reached XP level 2. HP: 24/24 MP: 2/2
   621 | D:1      | Reached XP level 3. HP: 29/29 MP: 3/3
  1194 | D:2      | Noticed Ijyb
  1287 | D:2      | Killed Ijyb
  1287 | D:2      | Reached XP level 4. HP: 23/35 MP: 4/4
  1496 | D:2      | Slain by a gnoll

Action                   |  1- 3 |  4- 6 || total
-------------------------+-------+-------++-------
Melee: Long sword        |    84 |    37 ||   121
  Use: Scroll            |     2 |       ||     2
       Potion            |     1 |       ||     1
  Eat: Chunk             |       |     2 ||     2
Armor: Plate armour      |    67 |    27 ||    94
       Scale mail        |     2 |       ||     2
Dodge: Dodged            |    15 |     7 ||    22
Block: Shield            |    59 |    20 ||    79
